 Dungeon Crawl Stone Soup version 0.31-a0-836-g3ceb0a68c4 (webtiles) character file.

Game seed: 4865314154150639492

339 Kurtz the Chopper (level 6, -4/42 HPs)
             Began as an Octopode Fighter on Sept 26, 2023.
             Was an Initiate of Qazlal.
             Slain by a killer bee (8 damage)
             ... on level 5 of the Dungeon.
             The game lasted 00:01:48 (3055 turns).

Kurtz the Chopper (Octopode Fighter)                Turns: 3055, Time: 00:01:49

Health: -4/42      AC:  1    Str: 16    XL:     6   Next: 55%
Magic:  6/6        EV: 13    Int: 10    God:    Qazlal [......]
Gold:   234        SH:  4    Dex: 13    Spells: 5/5 levels left

rFire   . . .        a - +0 war axe
rCold   . . .        b - +0 buckler
rNeg    . . .        (helmet restricted)
rPois   .            (no amulet)
rElec   .            (no ring)
rCorr   .            (no ring)
SInv    .            (no ring)
Will    .....        (no ring)
Stlth   ++           (no ring)
HPRegen 0.27/turn    (no ring)
MPRegen 0.10/turn    (no ring)
                     (no ring)

%: no passive effects
@: mighty, lethally poisoned (-4 -> -14)
A: almost no armour, amphibious, 8 rings, camouflage 1, gelatinous body 1,
(nimble swimmer 1), tentacles
a: Renounce Religion


You were on level 5 of the Dungeon.
You worshipped Qazlal.
Qazlal was noncommittal.
You visited 2 branches of the dungeon, and saw 6 of its levels.

You collected 234 gold pieces.

Inventory:

Hand Weapons
 a - a +0 war axe (weapon)
Missiles
 f - 3 javelins
 r - 6 poisoned darts
 t - 6 curare-tipped darts
 u - 6 silver javelins
Armour
 b - a +0 buckler (worn)
Jewellery
 e - a ring of protection from fire
Wands
 q - a wand of paralysis (14)
Scrolls
 g - 4 scrolls of noise {unknown}
 j - 3 scrolls of revelation {unknown}
 l - 6 scrolls of identify {unknown}
 m - a scroll of amnesia {unknown}
 o - a scroll of enchant armour {unknown}
 p - a scroll of enchant weapon {unknown}
 s - 3 scrolls of vulnerability {unknown}
Potions
 c - a potion of might
 d - 2 potions of heal wounds {unknown}
 h - a potion of cancellation {unknown}
 i - 3 potions of curing {unknown}
 k - a potion of brilliance {unknown}
 n - a potion of degeneration {unknown}
 v - a potion of attraction {unknown}


   Skills:
 + Level 3.0 Fighting
 * Level 6.8 Axes
 - Level 3.0 Dodging
 - Level 3.0 Shields


You had 5 spell levels left.
You didn't know any spells.
Your spell library contained the following spells:

 Spells                   Type           Power      Damage    Failure   Level
 Summon Small Mammal      Summ           0%         N/A       43%         1
 Call Canine Familiar     Summ           0%         N/A       82%         3
 Summon Guardian Golem    Hex/Summ       0%         N/A       82%         3


Dungeon Overview and Level Annotations

Branches:
Dungeon (5/15)             Temple (1/1) D:5

Altars:
Ashenzari
Cheibriados
Dithmenos
Elyvilon
Fedhas
Gozag
Hepliaklqana
Kikubaaqudgha
Okawaru
Qazlal
Ru
Wu Jian
Xom
Yredelemnul
Zin

Shops:
D:1 [


Innate Abilities, Weirdness & Mutations

You cannot wear most types of armour.
You are amphibious.
You can wear up to eight rings at the same time.
Your skin changes colour to match your surroundings (Stealth+).
Your rubbery body absorbs attacks. (AC +1, EV +1)
((You are camouflaged when in or above water. (Stealth+)))
You have tentacles for arms and can constrict up to eight enemies at once.


Message History

No target in view!
Key pressed, stopping explore.
No target in view!
No target in view!
A killer bee comes into view.
The killer bee moves out of view.
No target in view!
A killer bee comes into view.
A water moccasin comes into view.
A killer bee comes into view. x3
There are monsters nearby!
The killer bee buzzes angrily. x4
There are monsters nearby!
The killer bee buzzes angrily.
The water moccasin hisses angrily.
Okay, then.
Okay, then.
You feel very mighty all of a sudden.
You miss the killer bee. You grab the killer bee.
Your tentacle-slap misses the killer bee.
You constrict the killer bee. The killer bee stings you!
You are poisoned.
The killer bee poisons you! The killer bee stings you.
You completely miss the killer bee. Your squeeze misses the killer bee.
The killer bee is lightly wounded.
You constrict the killer bee.
You feel sick. The killer bee closely misses you. The killer bee stings you!
You hit the killer bee.
The killer bee is severely wounded.
You constrict the killer bee.
You feel sick. The killer bee closely misses you. The killer bee stings you.
You are more poisoned.
The killer bee poisons you! The killer bee stings you.
You closely miss the killer bee.
The killer bee is severely wounded.
You constrict the killer bee.
* * * LOW HITPOINT WARNING * * *
You feel very sick. The killer bee stings you.
* * * LOW HITPOINT WARNING * * *
The killer bee stings you!
You die...

#..## #.## #.#
#####.## #
#......# .##
#.###..# ...# #.#
#..# ..... #.#
#..########yS....
#.#
#........@yyy...#
#.#
##.########y#.###
#.####.# #
#......# ########


You could see a water moccasin and 5 killer bees.

Vanquished Creatures
  Blork the orc (D:4)
  A scorpion (D:5)
  3 hounds
  A jelly (D:4)
  5 adders
  A white imp (D:5)
  A worm (D:2)
  2 dart slugs (D:2)
  A bat (D:3)
  7 endoplasms
  2 giant cockroaches
  2 goblins
  6 hobgoblins
  A kobold (D:1)
  A quokka (D:3)
  8 ball pythons
  4 frilled lizards (D:1)
47 creatures vanquished.

Notes
Turn   | Place    | Note
-------+----------+-------------------------------------------
     0 | D:1      | Kurtz the Octopode Fighter began the quest for the Orb.
     0 | D:1      | Reached XP level 1. HP: 16/16 MP: 1/1
   238 | D:1      | Reached XP level 2. HP: 21/21 MP: 2/2
   369 | D:1      | Found Oxoxziz's Armour Boutique.
   485 | D:1      | Reached skill level 3 in Axes
   633 | D:2      | Reached XP level 3. HP: 14/26 MP: 3/3
  1398 | D:3      | Reached skill level 4 in Axes
  1424 | D:3      | Reached XP level 4. HP: 16/31 MP: 4/4
  1705 | D:3      | Identified the staff of Karma {Contam rN+ Str+2 Necro Fire}
  2316 | D:4      | Reached skill level 5 in Axes
  2317 | D:4      | Reached XP level 5. HP: 36/36 MP: 5/5
  2380 | D:4      | Found a white marble altar of Elyvilon.
  2547 | D:4      | Noticed Blork the orc
  2554 | D:4      | Killed Blork the orc
  2555 | D:4      | Reached skill level 6 in Axes
  2784 | D:5      | Entered Level 5 of the Dungeon
  2788 | D:5      | Reached XP level 6. HP: 39/42 MP: 6/6
  2915 | D:5      | Found a stormy altar of Qazlal.
  2943 | D:5      | Found a staircase to the Ecumenical Temple.
  2950 | Temple   | Entered the Ecumenical Temple
  2967 | D:5      | Became a worshipper of Qazlal Stormbringer
  2969 | D:5      | Identified the +0 scale mail of Divine Compulsion {Harm rC+
                  | MP+9 Int+5}
  3047 | D:5      | Noticed a water moccasin
  3055 | D:5      | Slain by a killer bee

Illustrated notes

Levels and vault maps discovered:
D:1:      saegor_arrival_simple_b, layout_basic, serial_shops,
          nicolae_shop_stone
D:2:      layout_basic
D:3:      layout_loops_cross, minmay_crystal_room
D:4:      layout_cave_pools, kennysheep_mini_moat, uniq_blork_the_orc
D:5:      gammafunk_wand_slinger, layout_loops_corners, lemuel_crystal_altar,
          mainiacjoe_overflow_surrounded_room, temple_green,
          minmay_gold_behind_fungi
Temple:   nicolae_temple_figure_eight

Skill      XL: |  1  2  3  4  5 |
---------------+----------------+-----
Axes           | 3 4 5 6 |  6.8
Fighting       | |  3.0
Dodging        | |  3.0
Shields        | |  3.0

Action                     |  1- 3 |  4- 6 || total
---------------------------+-------+-------++-------
  Melee: War axe           |    56 |    42 ||    98
         Constrict         |    15 |    11 ||    26
         Tentacles         |     5 |    10 ||    15
    Use: Potion            |       |     2 ||     2
   Stab: Sleeping          |     4 |     5 ||     9
 Armour: Skin              |    24 |    22 ||    46
  Dodge: Dodged            |    30 |    21 ||    51
  Block: Buckler           |    11 |     6 ||    17

Table legend: (Time is in decaauts)
 A = Elapsed time spent in this place.
 B = Non-inter-level travel time spent in this place.
 C = Inter-level travel time spent in this place.
 D = Time resting spent in this place.
 E = Time spent auto-exploring this place.
 F = Levels seen in this place.
 G = Mean time per level.
                   A        B        C        D        E       F      G
               +--------+--------+--------+--------+--------+-----+--------+
         Total |   3088 |   2991 |     97 |    362 |   2239 |   6 |  514.7 |
       Dungeon |   3086 |   2989 |     97 |    362 |   2239 |   5 |  617.2 |
        Temple |      1 |      1 |      0 |      0 |      0 |   1 |    1.0 |
               +--------+--------+--------+--------+--------+-----+--------+

Top non-repeatable levels by time:
     D:2: 830 daAuts
     D:3: 800 daAuts
     D:4: 610 daAuts
     D:1: 573 daAuts
     D:5: 271 daAuts
  Temple: 1 daAuts
